 Dungeon Crawl Stone Soup version 0.14-a0-2564-g94087c3 (webtiles) character file.

6605 Jenx the Conjurer (level 10, 0/64 HPs)
             Began as a Deep Elf Conjurer on Feb 11, 2014.
             Was a Priest of Sif Muna.
             Succumbed to a door mimic's poison
             ... on Level 9 of the Dungeon.
             The game lasted 00:37:46 (9634 turns).

Jenx the Conjurer (Deep Elf Conjurer)               Turns: 9634, Time: 00:37:47

HP   0/64        AC  7     Str  7      XL: 10   Next: 57%
MP  11/31        EV 13     Int 22      God: Sif Muna [***...]
Gold 536         SH  0     Dex 15      Spells:  4 memorised, 17 levels left

rFire  + . .     SeeInvis .     b - staff of wizardry
rCold  + . .     Clarity  .     n - +2 orc robe {rC+ rF+}
rNeg   . . .     Conserve .     (no shield)
rPois  .         rCorr    .     i - +1 hat
rElec  .         rRot     .     D - +0 cloak
SustAb . .       Spirit   .     V - +0 pair of gloves
rMut   .         Warding  .     (no boots)
Saprov . . .     Stasis   .     F - amulet of faith
MR     +....                    (no ring)
                                O - ring of wizardry

@: mildly poisoned, somewhat resistant to hostile enchantments, fairly stealthy
A: robust 1
a: Channel Energy, Forget Spell, Renounce Religion


You were on level 9 of the Dungeon.
You worshipped Sif Muna.
Sif Muna was most pleased with you.
You were not hungry.

You visited 2 branches of the dungeon, and saw 10 of its levels.

You collected 536 gold pieces.

Inventory:

Hand weapons
 a - a +1,+0 whip of freezing
Armour
 i - a +1 hat (worn)
 n - a +2 orcish robe of resistance (worn)
 D - a +0 cloak (worn)
 V - a +0 pair of gloves (worn)
Magical devices
 h - a wand of enslavement (13)
 A - a wand of frost (16)
 L - a wand of digging (12)
 N - a wand of polymorph (14)
Comestibles
 g - 12 bananas
 r - a meat ration
 x - 8 cheeses
 M - 5 bread rations
Scrolls
 j - 5 scrolls of remove curse
 k - a scroll of identify
 l - 2 scrolls of teleportation
 q - 2 scrolls of fear
 t - 3 scrolls of recharging
 u - a scroll of noise {unknown}
 w - a scroll of magic mapping {unknown}
 y - a scroll of blinking
 C - a scroll of enchant armour {unknown}
 E - 2 scrolls of curse armour {unknown}
 G - a scroll of random uselessness {unknown}
 H - 2 scrolls of enchant weapon II
Jewellery
 d - an uncursed amulet of conservation
 v - an uncursed amulet of guardian spirit
 F - an amulet of faith (around neck)
 O - a ring of wizardry (left hand)
 U - an uncursed ring of teleportation
Potions
 e - a potion of invisibility
 m - 3 potions of heal wounds
 o - a potion of magic {unknown}
 p - 2 potions of curing
 s - 2 potions of brilliance
 z - a potion of agility
 I - a potion of flight
 Q - 2 potions of might
Books
 c - a book of Conjurations

   Spells                             Type                      Level
   *Magic Dart                        Conjuration                  1
   Searing Ray                        Conjuration                  2
   *Dazzling Spray                    Conjuration/Hexes            3
   *Iskenderun's Mystic Blast         Conjuration                  4
   *Iskenderun's Battlesphere         Conjuration/Charms           4
   Fulminant Prism                    Conjuration/Hexes            5
 S - a Necronomicon {highlevel}

   This book is beyond your current level of understanding.

   Spells                             Type                      Level
   Haunt                              Necromancy/Summoning         7
   Borgnjor's Revivification          Necromancy                   8
   Death's Door                       Charms/Necromancy            8
   Necromutation                      Transmutation/Necromancy     8
Magical staves
 b - an uncursed staff of wizardry (weapon)
Miscellaneous
 K - a phial of floods


   Skills:
 - Level 5.0 Fighting
 - Level 1.5 Armour
 - Level 2.4 Dodging
 - Level 2.4 Stealth
 - Level 10.0 Spellcasting
 - Level 10.0 Conjurations
 - Level 1.3 Hexes
 + Level 8.4 Charms
 * Level 8.1 Invocations


You had 17 spell levels left.
You knew the following spells:

 Your Spells              Type           Power        Failure   Level  Hunger
a - Magic Dart            Conj           ####         1%          1    None
b - Dazzling Spray        Conj/Hex       #####...     1%          3    None
d - Iskenderun's Battles  Conj/Chrm      ######..     1%          4    ##.....
x - Iskenderun's Mystic   Conj           ######..     1%          4    ##.....


Dungeon Overview and Level Annotations

Branches:
Dungeon (9/16)             Temple (1/1) D:4
    Orc: D:9-12        Lair: D:8-11

Altars:
Ashenzari
Cheibriados
Dithmenos
Elyvilon
Fedhas
Kikubaaqudgha
Makhleb
Nemelex Xobeh
Okawaru
Sif Muna
Trog
Vehumet
Xom
Yredelemnul
Zin
The Shining One

Shops:
D:6 /


Innate Abilities, Weirdness & Mutations

You are robust (+10% HP).


Message History

Confirm with . or Enter, or press ? or * to list all spells.
Aiming: Dazzling Spray
Press: ? - help, Shift-Dir - straight line, f/p - door mimic
Aim: a door mimic (almost destroyed, holding you)
The spray of energy hits the door mimic.
You destroy the door mimic!
Your Invocations skill increases to level 8!
A hydra and a big kobold come into view.
The big kobold hits you with a club.
* * * LOW HITPOINT WARNING * * *
Found 2 meat rations and a cutlass.
Casting: Dazzling Spray
Confirm with . or Enter, or press ? or * to list all spells.
Aiming: Dazzling Spray
Press: ? - help, Shift-Dir - straight line, f - big kobold
Aim: a big kobold, wielding a club The spray of energy hits the big kobold.
The big kobold is heavily wounded.
The big kobold is dazzled.
You die...

............)...
...............
............≈≈
##########
...≈..####...
#.....#..#
.≈≈....##...
#≈PP..'.%#
.≈.....#...
###.).P.'..#
.....#...
#..)%)../..#
.........
#.#.P...#.@#
.........
#.#≈.P≈P##K#
+#......##
#.#P≈≈≈≈#.D#
.........'
#.#PP≈P.+).#
........)#
#.##########
.......... #.#
......... #.#
.#....... #.#
#......# #.#
#......#


You could see a three-headed hydra and a big kobold (blind).

Vanquished Creatures
  Pikel (D:5)
  Joseph (D:9)
  A feature mimic (D:9)
  Grinder (D:3)
  A troll (D:9)
  A wyvern (D:9)
  Eustachio (D:5)
  A hippogriff (D:8)
  2 yaks (D:9)
  A necrophage (D:6)
  3 phantoms (D:8)
  A yellow wasp (D:8)
  4 ogres
  2 sky beasts
  A slave (D:5)
  4 orc warriors
  4 centaurs
  2 ice beasts
  2 big kobolds (D:9)
  Duvessa (D:4)
  2 giant frogs
  3 goliath beetles
  3 wights (D:9)
  Dowan (D:4)
  6 crimson imps
  A giant frog skeleton (D:6)
  4 hounds
  An orc priest (D:4)
  2 jellies
  2 iguanas
  2 scorpions
  7 orc wizards
  5 worker ants
  Ijyb (D:5)
  2 sheep (D:9)
  A hound skeleton (D:8)
  A hound zombie (D:7)
  9 gnolls
  13 adders
  A green rat (D:5)
  An orc zombie (D:9)
  8 worms
  2 giant mites
  A scorpion zombie (D:7)
  An adder skeleton (D:8)
  A grey rat (D:5)
  2 giant eyeballs (D:7)
  6 giant geckos
  An ooze (D:2)
  21 orcs
  5 ball pythons
  7 giant cockroaches
  11 hobgoblins
  8 jackals
  13 kobolds
  8 quokkas
  16 bats
  4 giant newts
  13 goblins
  An orc skeleton (D:9)
  A quokka skeleton (D:4)
  11 rats
244 creatures vanquished.

Vanquished Creatures (others)
  A scorpion (D:5)
  A gnoll zombie (D:5)
  A giant cockroach (D:5)
  A giant newt (D:5)
  A giant spore (D:9)
5 creatures vanquished.

Grand Total: 249 creatures vanquished

Notes
Turn   | Place    | Note
--------------------------------------------------------------
     0 | D:1      | Jenx, the Deep Elf Conjurer, began the quest for the Orb.
     0 | D:1      | Reached XP level 1. HP: 10/10 MP: 5/5
   376 | D:1      | Reached XP level 2. HP: 15/15 MP: 6/8
   399 | D:1      | Reached skill level 5 in Conjurations
   803 | D:2      | Reached XP level 3. HP: 16/19 MP: 7/10
   818 | D:2      | Learned a level 3 spell: Dazzling Spray
   882 | D:2      | Reached skill level 1 in Hexes
  1663 | D:3      | Reached skill level 6 in Conjurations
  1663 | D:3      | Reached XP level 4. HP: 24/24 MP: 10/13
  1673 | D:3      | Learned a level 4 spell: Iskenderun's Battlesphere
  1689 | D:3      | Reached skill level 1 in Charms
  1690 | D:3      | Noticed Grinder
  1695 | D:3      | Killed Grinder
  1695 | D:3      | Reached XP level 5. HP: 28/28 MP: 1/16
  1695 | D:3      | Reached XP level 6. HP: 32/32 MP: 1/18
  1721 | D:3      | Reached skill level 7 in Charms
  1875 | D:3      | Found a deep blue altar of Sif Muna.
  1875 | D:3      | Found a white marble altar of Elyvilon.
  1891 | D:3      | Became a worshipper of Sif Muna the Loreminder
  2625 | D:4      | Reached skill level 1 in Armour
  2748 | D:4      | Learned a level 4 spell: Iskenderun's Mystic Blast
  3056 | D:4      | Reached XP level 7. HP: 32/36 MP: 13/21
  3260 | D:4      | Noticed Duvessa
  3262 | D:4      | Noticed Dowan
  3268 | D:4      | Killed Duvessa
  3268 | D:4      | Reached skill level 5 in Spellcasting
  3274 | D:4      | Killed Dowan
  3481 | D:4      | Acquired Sif Muna's first power
  3584 | D:4      | Found a staircase to the Ecumenical Temple.
  3590 | Temple   | Entered the Ecumenical Temple
  3953 | D:5      | Entered Level 5 of the Dungeon
  3953 | D:5      | Noticed Ijyb
  3959 | D:5      | Killed Ijyb
  4040 | D:5      | Noticed Pikel
  4071 | D:5      | Killed Pikel
  4071 | D:5      | Acquired Sif Muna's second power
  4071 | D:5      | Reached skill level 8 in Conjurations
  4071 | D:5      | Reached XP level 8. HP: 29/41 MP: 0/26
  4376 | D:5      | Noticed Eustachio
  4400 | D:5      | Killed Eustachio
  4400 | D:5      | Reached skill level 9 in Conjurations
  4488 | D:5      | Found a sparkling altar of Nemelex Xobeh.
  4799 | D:5      | Gained mutation: You are robust (+10% HP). [potion of beneficial mutation]
  4937 | D:5      | Found an iron altar of Okawaru.
  4943 | D:5      | Reached skill level 1 in Fighting
  5182 | D:6      | Reached XP level 9. HP: 53/53 MP: 8/27
  5331 | D:6      | Reached skill level 10 in Conjurations
  5411 | D:6      | Found Carufimu's Magical Wand Shop.
  6614 | D:7      | Paralysed by a giant eyeball for 3 turns
  7132 | D:8      | Reached skill level 5 in Fighting
  7147 | D:8      | Reached skill level 1 in Invocations
  8458 | D:9      | Reached skill level 5 in Invocations
  8458 | D:9      | Reached XP level 10. HP: 64/64 MP: 23/31
  8734 | D:9      | Reached skill level 10 in Spellcasting
  8896 | D:9      | Noticed Joseph
  8905 | D:9      | Killed Joseph
  9633 | D:9      | Noticed a three-headed hydra
  9633 | D:9      | HP: 1/64 [big kobold/club (5)]
  9634 | D:9      | Succumbed to a door mimic's poison

Action                   |  1- 3 |  4- 6 |  7- 9 | 10-12 || total
-------------------------+-------+-------+-------+-------++-------
Melee: Dagger            |     9 |     3 |     6 |       ||    18
       Whip              |       |       |    89 |       ||    89
       Staff             |       |       |    14 |     1 ||    15
Throw: Javelin           |       |       |       |     2 ||     2
 Cast: Magic Dart        |    67 |    67 |   244 |    65 ||   443
       Iskenderun's Batt |       |     3 |    16 |     8 ||    27
       Dazzling Spray    |       |     4 |    82 |    29 ||   115
       Iskenderun's Myst |       |     2 |    15 |     8 ||    25
Invok: Channel Energy    |       |       |    13 |     6 ||    19
Evoke: Wand              |       |       |     2 |     2 ||     4
  Use: Scroll            |     1 |       |    19 |     5 ||    25
       Potion            |       |       |     1 |       ||     1
 Stab: Invisible         |       |     1 |     1 |       ||     2
       Sleeping          |       |       |     1 |       ||     1
